 Dungeon Crawl Stone Soup version 0.22.0-5-gf09313c (webtiles) character file.

316 sking99 the Insei (level 6, -1/39 HPs)
             Began as an Octopode Transmuter on Aug 13, 2018.
             Was an Initiate of Okawaru.
             Slain by a river rat (7 damage)
             ... on level 3 of the Dungeon.
             The game lasted 00:11:55 (3330 turns).

sking99 the Insei (Octopode Transmuter)             Turns: 3330, Time: 00:11:55

Health: -1/39      AC:  2    Str: 10    XL:     6   Next: 44%
Magic:  3/9        EV: 20    Int: 15    God:    Okawaru [......]
Gold:   134        SH:  0    Dex: 19    Spells: 3/9 levels left

rFire    . . .     SeeInvis .     - Unarmed
rCold    . . .     Gourm    .   (shield currently unavailable)
rNeg     . . .     Faith    .   (helmet currently unavailable)
rPois    .         Spirit   .   h - amulet of the acrobat
rElec    .         Reflect  .   j - ring of protection from magic
rCorr    .         Harm     .   k - ring of poison resistance
MR       +....                  (no ring)
Stlth    +++.......             (no ring)
HPRegen  0.13/turn              (no ring)
MPRegen  0.11/turn              (no ring)
                                (no ring)
                                (no ring)

@: lethally poisoned (-1 -> -3), spider-form (expiring), very slow
A: tiny, almost no armour, stealthy swim, (amphibious), 8 rings, (constrict 8)
a: End Transformation, Renounce Religion


You were on level 3 of the Dungeon.
You worshipped Okawaru.
Okawaru was noncommittal.
You were not hungry.
You were a venomous arachnid creature.
You visited 1 branch of the dungeon, and saw 3 of its levels.

You collected 134 gold pieces.

Inventory:

Missiles
 a - 46 arrows
Armour
 l - a +2 hat (melded)
Jewellery
 h - an amulet of the acrobat (around neck)
 j - a ring of protection from magic (left front leg)
 k - a ring of poison resistance (right front leg)
Scrolls
 b - 2 scrolls of magic mapping {unknown}
 e - 2 scrolls of teleportation
 f - a scroll of fear {unknown}
 g - a scroll of remove curse
 i - 2 scrolls of noise {unknown}
 m - a scroll of amnesia {unknown}
 r - a scroll of enchant weapon {unknown}
Potions
 d - a potion of agility
 n - 2 potions of haste
 o - a potion of resistance
Comestibles
 c - 7 rations
 s - 3 chunks of flesh


   Skills:
 - Level 1.7 Fighting
 - Level 2.0 Dodging
 + Level 5.4 Unarmed Combat
 - Level 2.0 Spellcasting
 - Level 4.0 Transmutations
 - Level 2.0 Poison Magic


You had 3 spell levels left.
You knew the following spells:

 Your Spells              Type           Power        Failure   Level  Hunger
a - Beastly Appendage     Tmut           ##....       13%         1    #......
b - Sticks to Snakes      Tmut           ##......     17%         2    ###....
c - Spider Form           Tmut/Pois      ##........   38%         3    ###....

Your spell library contained the following spells:

 Spells                   Type           Power        Failure   Level  Hunger
 Blade Hands              Tmut           ##........   89%         5    ######.
 Ice Form                 Ice/Tmut       #.......     85%         4    #####..


Dungeon Overview and Level Annotations

Branches:
Dungeon (3/15)

Altars:
Okawaru
Trog
Uskayaw
Vehumet
The Shining One


Innate Abilities, Weirdness & Mutations

You cannot wear most types of armour.
You are very stealthy in the water. (Stealth+)
((You are amphibious.))
You can wear up to eight rings at the same time.
((You can use your tentacles to constrict eight enemies at once.))
((Your skin changes colour to match your surroundings (Stealth+).))
((Your rubbery body absorbs attacks. (AC +1, EV +1)))


Message History

Your unstable footing causes you to fumble your attack.
The adder misses you. The adder closely misses you.
The adder barely misses you.
You hit the adder.
The adder is poisoned.
The adder is severely wounded.
The adder bites you.
* * * LOW HITPOINT WARNING * * *
The adder closely misses you.
You hit the adder.
The adder looks as sick as possible!
The adder is almost dead.
You kill the adder!
Okawaru accepts your kill. The adder bites you.
* * * LOW HITPOINT WARNING * * *
You are poisoned.
The adder poisons you!
Your unstable footing causes you to fumble your attack.
You feel sick. The adder barely misses you.
You barely miss the adder. The river rat bites you!
You die...

.# ## .# #≈ .# #≈
.# ≈## .##### #
≈≈# .....# #S##≈#
.....# #≈≈≈≈# #
.....# ####r#≈#
.....# #≈≈†sS≈#
######
#≈######### #####
#≈≈≈≈≈≈≈≈≈# ....#
#######≈#≈#≈≈#
....#
.....≈≈≈≈≈†≈.##
....#
.......≈(.....#
....#
.......%......#
....##
......#.####..#
.....#
..#.#............


You could see an adder and a river rat.

Vanquished Creatures
  2 orc priests (D:3)
  Robin (D:2)
  10 adders
  An ooze (D:2)
  8 worms
  2 dart slugs
  4 leopard geckos
  9 orcs (D:3)
  3 ball pythons
  10 bats
  5 giant cockroaches
  14 goblins
  8 hobgoblins
  5 jackals
  2 quokkas (D:2)
  7 frilled lizards
  13 kobolds
  15 rats
119 creatures vanquished.

Notes
Turn   | Place    | Note
-------+----------+-------------------------------------------
     0 | D:1      | sking99 the Octopode Transmuter began the quest for the Orb.
     0 | D:1      | Reached XP level 1. HP: 13/13 MP: 3/3
   264 | D:1      | Reached XP level 2. HP: 18/18 MP: 3/5
   268 | D:1      | Learned a level 2 spell: Sticks to Snakes
   540 | D:1      | Reached XP level 3. HP: 16/24 MP: 3/6
   833 | D:2      | Learned a level 3 spell: Spider Form
  1122 | D:2      | Reached skill level 4 in Unarmed Combat
  1124 | D:2      | Reached skill level 1 in Poison Magic
  1135 | D:2      | Reached XP level 4. HP: 24/29 MP: 7/7
  1218 | D:2      | Noticed Robin
  1230 | D:2      | Killed Robin
  1625 | D:2      | Found a radiant altar of Vehumet.
  1826 | D:2      | Noticed a moth of wrath
  1829 | D:2      | Found a bloodstained altar of Trog.
  2196 | D:2      | Reached XP level 5. HP: 33/34 MP: 3/8
  2745 | D:2      | Found a glowing golden altar of the Shining One.
  2796 | D:3      | Found an iron altar of Okawaru.
  2813 | D:3      | Became a worshipper of Warmaster Okawaru
  2877 | D:3      | Reached skill level 5 in Unarmed Combat
  2877 | D:3      | Reached XP level 6. HP: 17/39 MP: 5/9
  2889 | D:3      | Noticed a hand axe
  2920 | D:3      | Noticed a dagger
  2922 | D:3      | Found a hide-covered altar of Uskayaw.
  3330 | D:3      | Slain by a river rat

Skill      XL: |  1  2  3  4  5  6 |
---------------+-------------------+-----
Unarmed Combat | 4 5 |  5.4
Poison Magic   | 1 2 |  2.0
Transmutations | 3 4 |  4.0
Fighting       | |  1.7
Dodging        | |  2.0
Spellcasting   | |  2.0

Action                   |  1- 3 |  4- 6 || total
-------------------------+-------+-------++-------
Melee: Unarmed           |    78 |   206 ||   284
       Constrict         |    23 |    35 ||    58
       Tentacles         |    10 |    28 ||    38
       Kick              |    13 |     9 ||    22
       Punch             |     2 |     4 ||     6
 Cast: Beastly Appendage |    15 |     7 ||    22
       Sticks to Snakes  |     1 |     2 ||     3
       Spider Form       |       |    10 ||    10
  Use: Scroll            |       |     8 ||     8
 Stab: Sleeping          |     2 |     4 ||     6
  Eat: Chunk             |     1 |     9 ||    10
Armor: Skin              |    12 |    12 ||    24
Dodge: Dodged            |    46 |   137 ||   183
